 Dungeon Crawl Stone Soup version 0.27.1-2-g3b301248ec (webtiles) character file.

Game seed: 15367794792651806911

107 Metae the Skirmisher (level 4, -5/41 HPs)
             Began as a Hill Orc Fighter on Sept 24, 2021.
             Slain by a gnoll (12 damage)
             ... on level 3 of the Dungeon.
             The game lasted 00:03:35 (2027 turns).

Metae the Skirmisher (Hill Orc Fighter)             Turns: 2027, Time: 00:03:36

Health: -5/41      AC:  7    Str: 19    XL:     4   Next: 85%
Magic:  4/4        EV:  4    Int:  8    God:
Gold:   104        SH:  0    Dex: 10    Spells: 3/3 levels left

rFire    . . .     SeeInvis .   a - +0 war axe
rCold    . . .     Faith    .   c - +0 kite shield
rNeg     . . .     Spirit   .   b - +0 scale mail
rPois    .         Reflect  .   (no helmet)
rElec    .         Harm     .   (no cloak)
rCorr    .         Rampage  .   (no gloves)
Will     +....                  (no boots)
Stlth    ..........             (no amulet)
HPRegen  0.13/turn              k - ring of willpower
MPRegen  0.09/turn              (no ring)

@: held
A: no striking features
a: no special abilities


You were on level 3 of the Dungeon.
You visited 1 branch of the dungeon, and saw 3 of its levels.

You collected 104 gold pieces.

Inventory:

Hand Weapons
 a - a +0 war axe (weapon)
Armour
 b - a +0 scale mail (worn)
 c - a +0 kite shield (worn)
Jewellery
 k - a ring of willpower (left hand)
Wands
 n - a wand of flame (12)
 p - a wand of iceblast (4)
Scrolls
 e - 2 scrolls of blinking {unknown}
 f - a scroll of holy word {unknown}
 i - a scroll of identify {unknown}
 j - a scroll of enchant armour {unknown}
 o - a scroll of fog {unknown}
Potions
 d - 2 potions of might
 g - 2 potions of berserk rage {unknown}
 h - 3 potions of curing {unknown}
 l - a potion of mutation {unknown}
 m - a potion of brilliance {unknown}


   Skills:
 + Level 4.5 Fighting
 + Level 3.9 Axes
 + Level 4.1 Armour
 + Level 4.1 Shields


You had 3 spell levels left.
You didn't know any spells.
Your spell library was empty.

Dungeon Overview and Level Annotations

Branches:
Dungeon (3/15)

Altars:


Message History

The gnoll is heavily wounded.
The gnoll closely misses you. The gnoll hits you with a +0 flail.
You closely miss the gnoll.
The gnoll is heavily wounded.
The gnoll barely misses you.
You hit the gnoll but do no damage.
The gnoll is heavily wounded.
You block the gnoll's attack. The gnoll hits you with a +0 flail.
You closely miss the gnoll.
The gnoll is heavily wounded.
You block the gnoll's attack.
You slash the gnoll!
You kill the gnoll!
You slash the worm!
The worm is severely wounded.
The gnoll hits you from afar with a +0 halberd!
The worm bites you.
Your shield prevents you from hitting the worm.
The worm is severely wounded.
The gnoll barely misses you. The worm bites you but does no damage.
You slash the worm!
You kill the worm!
The gnoll hits you from afar with a +0 halberd.
* * * LOW HITPOINT WARNING * * *
The gnoll throws a throwing net.
The throwing net hits you.
You become entangled in the net!
You tear a large gash into the net.
The gnoll hits you from afar with a +0 halberd!
* * * LOW HITPOINT WARNING * * *
You shred the net and break free! You block the gnoll's attack.
You see here a frilled lizard corpse.
There is a stone staircase leading down here.
The adder hisses angrily.
The gnoll throws a throwing net.
The throwing net hits you.
You become entangled in the net!
You see here a throwing net.
You struggle against the net.
You struggle against the net.
The gnoll hits you from afar with a +0 halberd!
You die...

#.# #.# #g# #.#
#..######g# #.#
#........g# #.#
#.#######># #.# #g# #.#
#g# #.# #.# #.#
#@##############.#
#.............##.#
###.######## #.....
##...## #....# ##..#..##
#.#### #..###..# #.#
#.##S##.#########)####
#....#r#................
..#.##r##.#...##.#..####


You could see a gnoll, an adder, 4 goblins and a rat.

Vanquished Creatures
  Ijyb (D:3)
  A gnoll (D:3)
  An adder (D:2)
  A worm (D:3)
  2 dart slugs
  4 orcs (D:3)
  7 bats
  3 endoplasms
  A giant cockroach (D:1)
  8 goblins
  A hobgoblin (D:2)
  3 jackals (D:1)
  6 kobolds
  3 quokkas
  3 ball pythons
  5 frilled lizards
  A rat (D:1)
51 creatures vanquished.

Notes
Turn   | Place    | Note
-------+----------+-------------------------------------------
     0 | D:1      | Metae the Hill Orc Fighter began the quest for the Orb.
     0 | D:1      | Reached XP level 1. HP: 19/19 MP: 1/1
   107 | D:1      | Reached XP level 2. HP: 21/27 MP: 2/2
   878 | D:1      | Reached XP level 3. HP: 33/33 MP: 3/3
  1807 | D:3      | Noticed Ijyb
  1822 | D:3      | Killed Ijyb
  1823 | D:3      | Reached XP level 4. HP: 29/41 MP: 4/4
  2027 | D:3      | Slain by a gnoll

Illustrated notes

Levels and vault maps discovered:
D:1:      amcnicky_arrival_gap_in_the_tavern_cellar, layout_loops_ring
D:2:      layout_loops_cross
D:3:      layout_loops_ring, minmay_fractal_squares_gapless_5, uniq_natasha,
          uniq_ijyb, uniq_robin

Skill      XL: |  1  2  3 |
---------------+----------+-----
Axes           | 3 |  3.9
Fighting       | 4 |  4.5
Armour         | 4 |  4.1
Shields        | 4 |  4.1

Action                   |  1- 3 |  4- 6 || total
-------------------------+-------+-------++-------
Melee: War axe           |   134 |    33 ||   167
Armor: Scale mail        |    86 |    10 ||    96
Dodge: Dodged            |    41 |     8 ||    49
Block: Kite shield       |    82 |    16 ||    98
